 Dungeon Crawl Stone Soup version 0.30-a0-726-gd89dcf765f (webtiles) character file.

Game seed: 12252843866798407905

10047 lunkers the Fighter (level 12, 0/110 HPs)
             Began as a Meteoran Warper on Jan 29, 2023.
             Was a Believer of Uskayaw.
             Succumbed to a cane toad's poison
             ... on level 1 of the Lair of Beasts.
             The game lasted 00:25:04 (6236 turns).

lunkers the Fighter (Meteoran Warper)               Turns: 6236, Time: 00:25:05

Health: 0/110      AC:  8    Str: 14    XL:     12   Next: 14%
Magic:  18/20      EV: 13    Int: 15    God:    Uskayaw [**....]
Gold:   335        SH:  5    Dex: 18    Spells: 6/16 levels left

rFire   . . .      SeeInvis .    a - +1 dagger (elec)
rCold   + . .      Faith    .    (no shield)
rNeg    . . .      Spirit   .    e - +0 steam dragon scales
rPois   .          Reflect  +    x - +1 helmet
rElec   .          Harm     .    i - scarf {repulsion}
rCorr   .          Rampage  .    (no gloves)
Will    +....                    F - +0 pair of boots
Stlth   +                        l - amulet of reflection
HPRegen 0.38/turn                r - ring of protection from cold
MPRegen 0.17/turn                (no ring)

@: lethally poisoned (0 -> -18), very slightly contaminated, glowing, repel
missiles
A: sense surroundings 2, otherworldly, glowing, explore regen
a: Renounce Religion, Stomp, Line Pass


You were on level 1 of the Lair of Beasts.
You worshipped Uskayaw.
Uskayaw was aware of your devotion.
You visited 4 branches of the dungeon, and saw 13 of its levels.

You collected 335 gold pieces.

Inventory:

Hand Weapons
 a - a +1 dagger of electrocution (weapon)
 b - a +4 short sword
 y - a +0 long sword
 A - a +1 dagger of protection
 I - a +0 dagger of draining
 L - a +1 dagger of venom
Missiles
 d - 7 boomerangs of dispersal
 q - 2 throwing nets
 s - 4 boomerangs
Armour
 c - a +2 robe of the Archmagi
 e - +0 steam dragon scales (worn)
 i - a scarf of repulsion (worn)
 j - a +0 ring mail
 o - a +0 cloak
 x - a +1 helmet (worn)
 B - a +0 leather armour
 F - a +0 pair of boots (worn)
Jewellery
 l - an amulet of reflection (around neck)
 r - a ring of protection from cold (left hand)
Wands
 f - a wand of flame (52)
 G - a wand of roots (5)
 H - a wand of light (8)
 J - a wand of paralysis (18)
Scrolls
 g - 5 scrolls of vulnerability
 k - a scroll of fog
 u - 2 scrolls of amnesia
 w - a scroll of fear
 D - 2 scrolls of enchant armour
 E - a scroll of magic mapping
 M - a scroll of blinking
Potions
 h - a potion of might {unknown}
 m - 2 potions of haste
 n - a potion of heal wounds
 p - a potion of degeneration
 t - 2 potions of brilliance
 v - 6 potions of curing
 z - 2 potions of flight {unknown}
 C - 2 potions of lignification {unknown}
 K - 2 potions of mutation {unknown}


   Skills:
 * Level 11.0 Fighting
 - Level 10.0 Short Blades
 - Level 1.2 Throwing
 - Level 1.2 Armour
 * Level 3.4 Dodging
 - Level 2.6 Spellcasting
 - Level 10.1 Translocations
 - Level 5.0 Air Magic
 + Level 10.2 Invocations


You had 6 spell levels left.
You knew the following spells:

 Your Spells              Type           Power      Damage    Failure   Level
b - Vhi's Electric Charg  Tloc/Air       48%        N/A       2%          3
c - Manifold Assault      Tloc           32%        N/A       3%          4
p - Blink                 Tloc           64%        N/A       1%          2
q - Apportation           Tloc           64%        N/A       1%          1

Your spell library contained the following spells:

 Spells                   Type           Power      Damage    Failure   Level
 Lesser Beckoning         Tloc           64%        N/A       1%          2
 Teleport Other           Tloc           32%        N/A       1%          3
 Static Discharge         Conj/Air       18%        2-3/arc   11%         2
 Freeze                   Ice            8%         1d3       21%         1
 Necrotise                Necr           8%         1d4       21%         1
 Summon Small Mammal      Summ           8%         N/A       21%         1
 Sublimation of Blood     Necr           2%         N/A       30%         2
 Frozen Ramparts          Ice            4%         1d1       52%         3
 Hailstorm                Conj/Ice       2%         3d3       52%         3
 Olgreb's Toxic Radiance  Pois           2%         N/A       90%         4
 Petrify                  Tmut/Erth      2%         N/A       90%         4
 Arcjolt                  Conj/Air       4%         1d14      90%         5
 Lightning Bolt           Conj/Air       4%         1d16      90%         5
 Irradiate                Conj/Tmut      1%         3d12      99%         5
 Ozocubu's Refrigeration  Ice            1%         4d7       100%        7
 Ignition                 Fire           1%         3d3       100%        8


Dungeon Overview and Level Annotations

Branches:
Dungeon (10/15) Zot: 502   Temple (1/1) D:6 Zot: 475    Lair (1/5) D:10 Zot: 561
    Orc (1/2) D:9 Zot: 573

Altars:
Ashenzari
Cheibriados
Dithmenos
Elyvilon
Fedhas
Gozag
Hepliaklqana
Kikubaaqudgha
Makhleb
Nemelex Xobeh
Qazlal
Ru
Sif Muna
Trog
Uskayaw
Vehumet
Wu Jian
Xom
Yredelemnul
Zin
The Shining One

Annotations:
Orc:1 Sonja


Innate Abilities, Weirdness & Mutations

You passively map the area around you.
You are easily found by Zot.
You glow in the dark.
You regain HP and MP as you explore.


Message History

The cane toad is heavily wounded.
The cane toad stings you!!
* * * LOW HITPOINT WARNING * * *
You hit the cane toad.
The cane toad is severely wounded.
Unknown command.
You hit the cane toad but do no damage.
The cane toad is severely wounded.
The cane toad closely misses you.
Unknown command.
You closely miss the cane toad.
The cane toad is severely wounded.
Unknown command.
You hit the cane toad but do no damage.
The cane toad is severely wounded.
The cane toad barely misses you.
Unknown command.
You hit the cane toad but do no damage.
The cane toad is severely wounded.
The cane toad stings you.
* * * LOW HITPOINT WARNING * * *
You hit the cane toad but do no damage.
The cane toad is severely wounded.
Unknown command.
You hit the cane toad but do no damage.
The cane toad is severely wounded.
The cane toad stings you!!
* * * LOW HITPOINT WARNING * * *
You are lethally poisoned!
The cane toad poisons you!
You hit the cane toad but do no damage.
Lightning courses through the cane toad!
The cane toad is almost dead.
* * * LOW HITPOINT WARNING * * *
You feel very sick.
You can now pass through a line of other dancers.
You hit the cane toad.
Lightning courses through the cane toad!
You kill the cane toad!
You die...

, .................# * **
...#>...#.⌠...⌠.## *
......##........# * ,
#P.,#.....⌠....## , ,,
#P###.##...†........##. ,
..........#..##.#......
,, ..##?#...#............
* ,,, ,
..+.⌠......##.##.... #.
#@..#....##...##.. , ,,
,.......#+.#...........#.
...##.........#........#
* ** , *
#..#................# * ,
.......##......#...### *
, .#..#### #......<...#*
, , , # ..#*
#........#.... #.#
###...##.#P... ,,* , *
*#.####.. ...


There were no monsters in sight!

Vanquished Creatures
  A death yak (D:10)
  A two-headed ogre (D:9)
  An elephant (D:10)
  2 cane toads (Lair:1)
  2 hornets
  Sigmund (D:2)
  2 shadows (D:9)
  2 wyverns
  13 yaks
  2 steam dragons (D:8)
  3 vampire mosquitoes (D:6)
  A warg (D:9)
  A water moccasin (D:5)
  5 black bears
  3 orc warriors (D:9)
  An ogre (D:6)
  4 boggarts (D:10)
  2 centaurs
  A phantom (D:6)
  2 kobold brigands
  Blork the orc (D:6)
  6 bullfrogs
  A necrophage (D:7)
  2 scorpions (D:6)
  9 wights
  A troll zombie (D:9)
  12 killer bees
  A howler monkey (D:9)
  5 hounds
  5 orc priests
  Crazy Yiuf (D:2)
  2 gnoll boudas (D:6)
  2 iguanas (D:7)
  Ijyb (D:5)
  10 orc wizards
  Natasha (D:2)
  Terence (D:3)
  7 ogre zombies (D:9)
  8 gnolls (D:6)
  9 adders
  A shadow imp (D:7)
  A white imp (D:6)
  A worm (D:3)
  2 dart slugs (D:2)
  45 orcs
  5 ball pythons
  5 endoplasms
  2 giant cockroaches
  2 hobgoblins
  7 jackals (D:3)
  13 kobolds
  6 quokkas
  5 bats
  2 frilled lizards
  12 goblins
  A goblin skeleton (D:9)
  4 goblin zombies (D:9)
  4 hobgoblin skeletons (D:9)
  3 hobgoblin zombies (D:9)
  2 orc skeletons (D:9)
  11 orc zombies (D:9)
  2 rats (D:3)
271 creatures vanquished.

Vanquished Creatures (others)
  An orc (Orc:1)
  2 fungi
  12 plants
15 creatures vanquished.

Grand Total: 286 creatures vanquished

Notes
Turn   | Place    | Note
-------+----------+-------------------------------------------
     0 | D:1      | lunkers the Meteoran Warper began the quest for the Orb.
     0 | D:1      | Reached XP level 1. HP: 17/17 MP: 5/5
   166 | D:1      | Reached XP level 2. HP: 22/24 MP: 6/6
   169 | D:1      | Learned a level 2 spell: Blink
   482 | D:2      | Reached XP level 3. HP: 23/29 MP: 8/8
   580 | D:2      | Noticed Sigmund
   717 | D:2      | Noticed Natasha
   745 | D:2      | Killed Natasha
   746 | D:2      | Reached XP level 4. HP: 23/36 MP: 9/9
   784 | D:2      | Found a runed translucent door.
   785 | D:2      | Noticed Crazy Yiuf
   794 | D:2      | Killed Crazy Yiuf
   897 | D:2      | Reached skill level 5 in Short Blades
   906 | D:2      | Killed Sigmund
   907 | D:2      | Reached XP level 5. HP: 41/41 MP: 10/10
   907 | D:2      | Reached XP level 6. HP: 48/48 MP: 11/11
  1047 | D:3      | Found a faded altar of an unknown god.
  1117 | D:3      | Noticed Terence
  1140 | D:3      | Killed Terence
  1226 | D:3      | Found a radiant altar of Vehumet.
  1253 | D:3      | Reached XP level 7. HP: 51/55 MP: 12/12
  1263 | D:3      | Learned a level 3 spell: Vhi's Electric Charge
  1866 | D:4      | Reached skill level 1 in Air Magic
  1970 | D:5      | Entered Level 5 of the Dungeon
  2020 | D:5      | Noticed Ijyb
  2059 | D:5      | Killed Ijyb
  2291 | D:5      | Noticed a water moccasin
  2295 | D:5      | Reached skill level 5 in Translocations
  2295 | D:5      | Reached XP level 8. HP: 50/61 MP: 13/13
  2411 | D:5      | Learned a level 4 spell: Manifold Assault
  2413 | D:5      | Learned a level 1 spell: Apportation
  2577 | D:6      | Noticed Blork the orc
  2591 | D:6      | Killed Blork the orc
  2592 | D:6      | Gained mutation: You passively map the area around you.
                  | [Meteoran growth]
  2592 | D:6      | Reached XP level 9. HP: 44/67 MP: 14/14
  2805 | D:6      | Found a staircase to the Ecumenical Temple.
  2812 | Temple   | Entered the Ecumenical Temple
  2812 | Temple   | Noticed a rust devil
  2812 | Temple   | Noticed an Executioner
  2812 | Temple   | Noticed a smoke demon
  2813 | Temple   | Noticed Hoollo the pandemonium lord
  2813 | Temple   | Noticed Xizyed the pandemonium lord
  2814 | Temple   | Noticed a sun demon
  2816 | Temple   | Noticed Moacehut the pandemonium lord
  2856 | Temple   | Noticed Necull the pandemonium lord
  2873 | Temple   | Noticed Kyub the pandemonium lord
  2875 | Temple   | Noticed a Tzitzimitl
  2884 | Temple   | Noticed Jourowys the pandemonium lord
  2920 | Temple   | Became a worshipper of Uskayaw the Reveller
  2996 | D:6      | Reached * piety under Uskayaw
  2999 | D:6      | Reached ** piety under Uskayaw
  3025 | D:6      | Reached *** piety under Uskayaw
  3060 | D:6      | Reached **** piety under Uskayaw
  3061 | D:6      | Reached skill level 1 in Invocations
  3098 | D:6      | Reached skill level 5 in Air Magic
  3292 | D:7      | Reached skill level 10 in Short Blades
  3308 | D:7      | Noticed a hornet
  3311 | D:7      | Killed a hornet
  3342 | D:7      | Reached XP level 10. HP: 60/73 MP: 13/15
  3367 | D:7      | Reached ***** piety under Uskayaw
  3436 | D:7      | Reached skill level 10 in Translocations
  3500 | D:7      | Identified the +7 hand axe of Triumph {vamp, *Slow rF+++
                  | Int+3 Dex+3}
  3792 | D:7      | Reached skill level 3 in Fighting
  3797 | D:7      | Reached skill level 5 in Invocations
  3906 | D:8      | Reached skill level 4 in Fighting
  3966 | D:8      | Reached skill level 5 in Fighting
  4186 | D:7      | Reached skill level 6 in Fighting
  4340 | D:8      | Reached XP level 11. HP: 44/91 MP: 14/17
  4611 | D:8      | Found a glowing silver altar of Zin.
  4611 | D:8      | Noticed an angel
  4703 | D:9      | Reached skill level 7 in Fighting
  4775 | D:9      | Reached ****** piety under Uskayaw
  4781 | D:9      | Reached skill level 8 in Fighting
  4925 | D:9      | Reached skill level 9 in Fighting
  4938 | D:9      | Found a staircase to the Orcish Mines.
  5036 | D:9      | Noticed a two-headed ogre
  5042 | D:9      | Killed a two-headed ogre
  5216 | D:9      | You fall into a shaft and drop 1 floor!
  5216 | D:10     | Entered Level 10 of the Dungeon
  5331 | D:10     | Noticed a death yak
  5332 | D:10     | Found a staircase to the Lair.
  5332 | D:10     | Noticed an elephant
  5374 | D:10     | Killed a death yak
  5375 | D:10     | Reached skill level 10 in Fighting
  5417 | D:10     | Found a burning altar of Makhleb.
  5698 | Orc:1    | Entered Level 1 of the Orcish Mines
  5716 | Orc:1    | Noticed Sonja
  5735 | Orc:1    | Noticed an orc knight
  5746 | D:9      | HP: 1/101 [orc warrior/+0 dire flail (21)]
  6000 | D:9      | Reached XP level 12. HP: 82/108 MP: 20/20
  6010 | D:9      | Reached skill level 10 in Invocations
  6190 | Lair:1   | Entered Level 1 of the Lair of Beasts
  6211 | Lair:1   | Reached skill level 11 in Fighting
  6235 | Lair:1   | HP: 3/110 [poisoned by a cane toad]
  6236 | Lair:1   | Succumbed to a cane toad's poison

Illustrated notes

Levels and vault maps discovered:
D:1:      giann_forest_graveyard, layout_loops_ring, serial_shops,
          nicolae_shop_crystal
D:2:      layout_rooms, chequers_serial_rivers_micro_c,
          hangedman_abyss_or_decor_stabs, uniq_natasha, uniq_sigmund,
          uniq_crazy_yiuf_cottage, uniq_jessica
D:3:      corexii_shack_village, layout_basic, vehumet_altar_wand_db,
          dreamdust_ecumenical_altar_grove, kennysheep_pointless_box,
          grunt_ministairs_1, uniq_terence
D:4:      layout_loops_ring, serial_bayou_pond_c, uniq_pikel
D:5:      layout_rooms, roderic_serpentine_path, uniq_ijyb
D:6:      layout_basic, minmay_temple_entry_enclosed_plants,
          minmay_misc_feat_alley, uniq_blork_the_orc
D:7:      layout_cave_pools
D:8:      layout_rooms, zin_angel
D:9:      layout_cross, zombieorc2_lemuel, enter_bailey_3
D:10:     nzn_winding_woodlands_three_and_one
          [nzn_winding_woodlands_5x15_concentric,
          nzn_winding_woodlands_5x15_garden, nzn_winding_woodlands_5x15_pockets,
          nzn_winding_woodlands_center_lodge], layout_loops_ring,
          old_standard_altar, lightli_temple_of_fire, david_lair_generic,
          serial_shops, nicolae_shop_statue_plus, minmay_rotating_lava
Temple:   nicolae_temple_panitentiary
Lair:1:   layout_misc_corridors, lemuel_fruit_tree, grunt_megastairs_4
Orc:1:    layout_diamond_mine, basic_altar, uniq_sonja

Skill      XL: |  1  2  3  4  5  6  7  8  9 10 11 12 |
---------------+-------------------------------------+-----
Short Blades   | 3 4 6 7 8 10 | 10.0
Translocations | 5 6 9 10 | 10.1
Air Magic      | 2 3 5 |  5.0
Invocations    | 2 7 9 10 | 10.2
Fighting       | 6 10 11 | 11.0
Dodging        | 3 |  3.4
Throwing       | |  1.2
Armour         | |  1.2
Spellcasting   | |  2.6

Action                     |  1- 3 |  4- 6 |  7- 9 | 10-12 || total
---------------------------+-------+-------+-------+-------++-------
  Melee: Short sword       |   101 |   134 |   291 |   380 ||   906
         Punch             |       |     3 |     7 |    11 ||    21
         Dagger            |       |       |   178 |   228 ||   406
   Cast: Vhi's Electric Ch |       |       |    22 |    23 ||    45
         Blink             |       |       |     1 |     7 ||     8
         Manifold Assault  |       |       |       |     2 ||     2
 Invoke: Stomp             |       |       |       |     5 ||     5
  Evoke: Wand              |       |     8 |    18 |    30 ||    56
    Use: Potion            |       |     2 |     2 |     1 ||     5
         Scroll            |       |     1 |    10 |     4 ||    15
   Stab: Paralysed         |       |       |     9 |    31 ||    40
 Armour: Leather armour    |    27 |       |       |       ||    27
         Ring mail         |    15 |    39 |   117 |    50 ||   221
         Steam dragon scal |       |       |       |    95 ||    95
         Robe              |       |       |       |     2 ||     2
  Dodge: Dodged            |    49 |    34 |   156 |   211 ||   450
         Repelled          |     2 |     1 |       |     2 ||     5
  Block: Other             |     6 |    22 |    68 |    88 ||   184
         Reflection        |       |       |     1 |       ||     1

Table legend: (Time is in decaauts)
 A = Elapsed time spent in this place.
 B = Non-inter-level travel time spent in this place.
 C = Inter-level travel time spent in this place.
 D = Time resting spent in this place.
 E = Time spent auto-exploring this place.
 F = Levels seen in this place.
 G = Mean time per level.
                   A        B        C        D        E       F      G
               +--------+--------+--------+--------+--------+-----+--------+
         Total |   5687 |   5078 |    609 |      0 |   2968 |  13 |  437.5 |
       Dungeon |   5498 |   4922 |    576 |      0 |   2875 |  10 |  549.8 |
        Temple |    124 |     91 |     33 |      0 |     77 |   1 |  124.0 |
          Lair |     38 |     38 |      0 |      0 |     16 |   1 |   38.0 |
  Orcish Mines |     26 |     26 |      0 |      0 |      0 |   1 |   26.0 |
               +--------+--------+--------+--------+--------+-----+--------+

Top non-repeatable levels by time:
     D:9: 853 daAuts
     D:8: 717 daAuts
     D:6: 630 daAuts
     D:7: 572 daAuts
     D:5: 467 daAuts
     D:4: 467 daAuts
     D:1: 464 daAuts
     D:2: 453 daAuts
     D:3: 447 daAuts
    D:10: 423 daAuts
  Temple: 124 daAuts
  Lair:1: 38 daAuts
   Orc:1: 26 daAuts
